| TOP OF THE 1ST |
|
St. Pete Cardinals batting - Pitching for Sarasota Eagles : RHP Ricky Canas
|
|
Pitching: RHP Ricky Canas
|
|
|
Batting: RHB John Roberts
|
0-0: SINGLE (Groundball, 56D, EV 95.6 MPH)
|
|
Batting: SHB Mickey Riley
|
0-0: Ball 1-0: Ball 2-0: Fly out, F9 (Flyball, 89D, EV 103.8 MPH)
|
|
Batting: RHB Joe Scime
|
0-0: Called Strike John Roberts steals 2nd base 0-1: Ball 1-1: Foul Ball, location: 2F 1-2: Ball 2-2: Fly out, F7 (Flyball, 78M, EV 80.6 MPH)
|
|
Batting: RHB John Marquardt
|
0-0: Ball 1-0: Ball 2-0: Ball 3-0: Base on Balls
|
|
Batting: LHB Richard Hazard
|
0-0: Called Strike 0-1: Called Strike 0-2: Ground out U3 (Groundball, 3, EV 83.1 MPH)
|
| Top of the 1st over - 0 runs, 1 hit, 0 errors, 2 left on base; St. Pete 0 - Sarasota 0 |
| BOTTOM OF THE 1ST |
|
Sarasota Eagles batting - Pitching for St. Pete Cardinals : LHP John Young
|
|
Pitching: LHP John Young
|
|
|
Batting: SHB Ramon Sambo
|
0-0: Foul Ball, location: 2F 0-1: Foul Ball, location: 2F 0-2: Ball 1-2: Ball 2-2: Foul Ball, location: 2F 2-2: Ball 3-2: Ground out 6-3 (Groundball, 6, EV 79.4 MPH)
|
|
Batting: RHB Gary Appino
|
0-0: Swinging Strike 0-1: Swinging Strike 0-2: Foul Ball, location: 2F 0-2: Foul Ball, location: 2F 0-2: Foul Ball, location: 2F 0-2: Strikes out swinging
|
|
Batting: RHB Thomas Brassil
|
0-0: Ball 1-0: Called Strike 1-1: Foul Ball, location: 2F 1-2: Strikes out swinging
|
| Bottom of the 1st over - 0 runs, 0 hits, 0 errors, 0 left on base; St. Pete 0 - Sarasota 0 |
| TOP OF THE 2ND |
|
St. Pete Cardinals batting - Pitching for Sarasota Eagles : RHP Ricky Canas
|
|
Batting: RHB Sal Agostinelli
|
0-0: DOUBLE (Line Drive, 7LD, EV 97.5 MPH)
|
|
Batting: RHB Omar Interiano
|
0-0: Called Strike 0-1: Swinging Strike 0-2: Ground out 4-3 (Groundball, 4S, EV 73.1 MPH) Sal Agostinelli to third
|
|
Batting: RHB Tom Magrann
|
0-0: Foul Ball, location: 2F 0-1: Swinging Strike 0-2: Strikes out swinging
|
|
Batting: RHB Jose Mantilla
|
0-0: Called Strike 0-1: Foul Ball, location: 2F 0-2: Ball 1-2: Strikes out looking
|
| Top of the 2nd over - 0 runs, 1 hit, 0 errors, 1 left on base; St. Pete 0 - Sarasota 0 |
| BOTTOM OF THE 2ND |
|
Sarasota Eagles batting - Pitching for St. Pete Cardinals : LHP John Young
|
|
Batting: RHB Darrin Jackson
|
0-0: Ball 1-0: Ball 2-0: Fly out, F8 (Flyball, 8LD, EV 106.9 MPH)
|
|
Batting: RHB Jose Estrada
|
0-0: Called Strike 0-1: Ball 1-1: Swinging Strike 1-2: Strikes out looking
|
|
Batting: SHB Todd Mabe
|
0-0: Ball 1-0: Foul Ball, location: 2F 1-1: Ball 2-1: Ball 3-1: Base on Balls
|
|
Batting: LHB Dave Martinez
|
0-0: Swinging Strike 0-1: Foul Ball, location: 2F 0-2: Ball 1-2: Strikes out looking
|
| Bottom of the 2nd over - 0 runs, 0 hits, 0 errors, 1 left on base; St. Pete 0 - Sarasota 0 |
| TOP OF THE 3RD |
|
St. Pete Cardinals batting - Pitching for Sarasota Eagles : RHP Ricky Canas
|
|
Batting: RHB John Roberts
|
0-0: Fly out, F8 (Flyball, 8LD, EV 104.4 MPH)
|
|
Batting: SHB Mickey Riley
|
0-0: Called Strike 0-1: Ground out 4-3 (Groundball, 34, EV 99.4 MPH)
|
|
Batting: RHB Joe Scime
|
0-0: Foul Ball, location: 2F 0-1: Called Strike 0-2: Foul Ball, location: 2F 0-2: Ball 1-2: Ground out 6-3 (Groundball, 6S, EV 86.3 MPH)
|
| Top of the 3rd over - 0 runs, 0 hits, 0 errors, 0 left on base; St. Pete 0 - Sarasota 0 |
| BOTTOM OF THE 3RD |
|
Sarasota Eagles batting - Pitching for St. Pete Cardinals : LHP John Young
|
|
Batting: RHB Matt Stark
|
0-0: Ball 1-0: Ball 2-0: Foul Ball, location: 2F 2-1: Ball 3-1: Base on Balls
|
|
Batting: LHB Jesus Mercado
|
0-0: Ball 1-0: Fly out, F6 (Popup, 6M, EV 57.5 MPH)
|
|
Pitching: RHP Edward Reilly
|
|
|
Batting: SHB Ramon Sambo
|
0-0: Ball 1-0: Ball 2-0: Called Strike 2-1: Ball 3-1: Base on Balls Matt Stark to second
|
|
Batting: RHB Gary Appino
|
0-0: Fielders Choice at 2nd, 6-4 (Groundball, 6, EV 108.8 MPH) Matt Stark to third
|
|
Batting: RHB Thomas Brassil
|
0-0: Ball 1-0: Ball 2-0: Fly out, F7 (Line Drive, 7, EV 97.5 MPH)
|
| Bottom of the 3rd over - 0 runs, 0 hits, 0 errors, 2 left on base; St. Pete 0 - Sarasota 0 |
| TOP OF THE 4TH |
|
St. Pete Cardinals batting - Pitching for Sarasota Eagles : RHP Ricky Canas
|
|
Batting: RHB John Marquardt
|
0-0: Foul Ball, location: 2F 0-1: Foul Ball, location: 2F 0-2: Foul Ball, location: 2F 0-2: Ball 1-2: Ball 2-2: Foul Ball, location: 2F 2-2: Foul Ball, location: 2F 2-2: Strikes out swinging
|
|
Batting: LHB Richard Hazard
|
0-0: Called Strike 0-1: Ball 1-1: Called Strike 1-2: Strikes out swinging
|
|
Batting: RHB Sal Agostinelli
|
0-0: Called Strike 0-1: Ground out 6-3 (Groundball, 6, EV 88.8 MPH)
|
| Top of the 4th over - 0 runs, 0 hits, 0 errors, 0 left on base; St. Pete 0 - Sarasota 0 |
| BOTTOM OF THE 4TH |
|
Sarasota Eagles batting - Pitching for St. Pete Cardinals : RHP Edward Reilly
|
|
Batting: RHB Darrin Jackson
|
0-0: Ball 1-0: Swinging Strike 1-1: Called Strike 1-2: Foul Ball, location: 2F 1-2: DOUBLE (Line Drive, 9LD, EV 103.8 MPH)
|
|
Batting: RHB Jose Estrada
|
0-0: Called Strike 0-1: Swinging Strike 0-2: Fly out, F1 (Line Drive, P, EV 73.8 MPH)
|
|
Batting: SHB Todd Mabe
|
0-0: Ball Darrin Jackson steals 3rd base 1-0: Foul Ball, location: 2F 1-1: Ground out 6-3 (Groundball, 6, EV 90.6 MPH) Darrin Jackson scores
|
|
Batting: LHB Dave Martinez
|
0-0: Ball 1-0: Called Strike 1-1: Ball 2-1: Swinging Strike 2-2: Fly out, F5 (Line Drive, 5, EV 69.4 MPH)
|
| Bottom of the 4th over - 1 run, 1 hit, 0 errors, 0 left on base; St. Pete 0 - Sarasota 1 |
| TOP OF THE 5TH |
|
St. Pete Cardinals batting - Pitching for Sarasota Eagles : RHP Ricky Canas
|
|
Batting: RHB Omar Interiano
|
0-0: Ball 1-0: Ball 2-0: Ground out 5-3 (Groundball, 56S, EV 87.5 MPH)
|
|
Batting: RHB Tom Magrann
|
0-0: Ball 1-0: Ball 2-0: Foul Ball, location: 2F 2-1: Fly out, F7 (Flyball, 7, EV 85.0 MPH)
|
|
Batting: RHB Jose Mantilla
|
0-0: Called Strike 0-1: Fly out, F9 (Line Drive, 9D, EV 95.6 MPH)
|
| Top of the 5th over - 0 runs, 0 hits, 0 errors, 0 left on base; St. Pete 0 - Sarasota 1 |
| BOTTOM OF THE 5TH |
|
Sarasota Eagles batting - Pitching for St. Pete Cardinals : RHP Edward Reilly
|
|
Batting: RHB Matt Stark
|
0-0: SOLO HOME RUN (Flyball, 8LXD, EV 106.3 MPH), Distance : 421 ft
|
|
Batting: LHB Jesus Mercado
|
0-0: Ball 1-0: Ground out 4-3 (Groundball, 4, EV 106.3 MPH)
|
|
Batting: SHB Ramon Sambo
|
0-0: Fly out, F8 (Flyball, 8LM, EV 85.0 MPH)
|
|
Batting: RHB Gary Appino
|
0-0: Ball 1-0: Foul Ball, location: 2F 1-1: Swinging Strike 1-2: Foul Ball, location: 2F 1-2: Strikes out swinging
|
| Bottom of the 5th over - 1 run, 1 hit, 0 errors, 0 left on base; St. Pete 0 - Sarasota 2 |
| TOP OF THE 6TH |
|
St. Pete Cardinals batting - Pitching for Sarasota Eagles : RHP Ricky Canas
|
|
Batting: RHB John Roberts
|
0-0: Fly out, F8 (Flyball, 78D, EV 102.5 MPH)
|
|
Batting: SHB Mickey Riley
|
0-0: Fly out, F7 (Flyball, 7LM, EV 93.8 MPH)
|
|
Batting: RHB Joe Scime
|
0-0: Ball 1-0: Ball 2-0: Called Strike 2-1: Ball 3-1: Swinging Strike 3-2: Strikes out swinging
|
| Top of the 6th over - 0 runs, 0 hits, 0 errors, 0 left on base; St. Pete 0 - Sarasota 2 |
| BOTTOM OF THE 6TH |
|
Sarasota Eagles batting - Pitching for St. Pete Cardinals : RHP Edward Reilly
|
|
Batting: RHB Thomas Brassil
|
0-0: Ball 1-0: SINGLE (Line Drive, 89M, EV 106.9 MPH)
|
|
Batting: RHB Darrin Jackson
|
0-0: Ball 1-0: Foul Ball, location: 2F 1-1: Ball 2-1: Ball 3-1: Called Strike 3-2: Foul Ball, location: 2F 3-2: Foul Ball, location: 2F 3-2: Fielders Choice at 2nd, 6-4 (Groundball, 56, EV 98.8 MPH)
|
|
Batting: RHB Jose Estrada
|
0-0: Ball 1-0: Called Strike 1-1: SINGLE (Line Drive, 78S, EV 95.6 MPH) Darrin Jackson to second
|
|
Batting: SHB Todd Mabe
|
0-0: Ball 1-0: Foul Ball, location: 2F 1-1: Ball 2-1: Foul Ball, location: 2F 2-2: Ground out 4-3 (Groundball, 13, EV 85.6 MPH) Darrin Jackson to third Jose Estrada to second
|
|
Pitching: RHP Glen Germer
|
|
|
Batting: LHB Dave Martinez
|
0-0: Ball 1-0: Swinging Strike 1-1: Called Strike 1-2: Ground out 1-3 (Groundball, 13S, EV 71.9 MPH)
|
| Bottom of the 6th over - 0 runs, 2 hits, 0 errors, 2 left on base; St. Pete 0 - Sarasota 2 |
| TOP OF THE 7TH |
|
St. Pete Cardinals batting - Pitching for Sarasota Eagles : RHP Ricky Canas
|
|
Batting: RHB John Marquardt
|
0-0: Ground out 5-3 (Groundball, 56S, EV 63.8 MPH)
|
|
Batting: LHB Richard Hazard
|
0-0: Ball 1-0: Ball 2-0: Ground out U3 (Groundball, 34, EV 105.0 MPH)
|
|
Batting: RHB Sal Agostinelli
|
0-0: Called Strike 0-1: TRIPLE (Flyball, 89XD, EV 95.6 MPH)
|
|
Batting: RHB Omar Interiano
|
0-0: Ball 1-0: Ground out 5-3 (Groundball, 5, EV 80.0 MPH)
|
| Top of the 7th over - 0 runs, 1 hit, 0 errors, 1 left on base; St. Pete 0 - Sarasota 2 |
| BOTTOM OF THE 7TH |
|
Sarasota Eagles batting - Pitching for St. Pete Cardinals : RHP Glen Germer
|
|
Batting: RHB Matt Stark
|
0-0: SINGLE (Flyball, 5D, EV 85.0 MPH)
|
|
Batting: LHB Jesus Mercado
|
0-0: Ball 1-0: Ball 2-0: Ball 3-0: Base on Balls Matt Stark to second
|
|
Batting: SHB Ramon Sambo
|
0-0: Foul Ball, location: 2F 0-1: Ball 1-1: Foul Ball, location: 2F 1-2: Foul Ball, location: 2F 1-2: Reached on error, E4 (Groundball, 34D, EV 108.1 MPH) Matt Stark to third Jesus Mercado to second
|
|
Batting: RHB Gary Appino
|
0-0: Called Strike 0-1: Swinging Strike 0-2: Strikes out swinging
|
|
Batting: RHB Thomas Brassil
|
0-0: Called Strike 0-1: Fly out, F7 (Flyball, 78S, EV 88.1 MPH)
|
|
Batting: RHB Darrin Jackson
|
0-0: Ball Wild Pitch! Matt Stark scores Jesus Mercado to third Ramon Sambo to second 1-0: Ball 2-0: Ball 3-0: Base on Balls
|
|
Batting: RHB Jose Estrada
|
0-0: Fielders Choice at 2nd, 6-4 (Groundball, 6, EV 85.6 MPH)
|
| Bottom of the 7th over - 1 run, 1 hit, 1 error, 3 left on base; St. Pete 0 - Sarasota 3 |
| TOP OF THE 8TH |
|
St. Pete Cardinals batting - Pitching for Sarasota Eagles : RHP Ricky Canas
|
|
Batting: RHB Tom Magrann
|
0-0: Ball 1-0: Ball 2-0: Called Strike 2-1: Ground out 4-3 (Groundball, 4, EV 93.1 MPH)
|
|
Batting: RHB Jose Mantilla
|
0-0: Called Strike 0-1: Swinging Strike 0-2: Ball 1-2: Reached via error on a dropped throw from SS, E3 (Groundball, 6, EV 85.6 MPH)
|
|
Batting: RHB John Roberts
|
0-0: Ball 1-0: Foul Ball, location: 2F 1-1: Swinging Strike 1-2: Foul Ball, location: 2F 1-2: Ball 2-2: Foul Ball, location: 2F 2-2: Foul Ball, location: 2F 2-2: Ball 3-2: Fielders Choice at 2nd, 5-4 (Groundball, 5L, EV 97.5 MPH)
|
|
Batting: SHB Mickey Riley
|
0-0: Swinging Strike 0-1: Swinging Strike 0-2: Ball 1-2: Ball 2-2: Fly out, F9 (Flyball, 9LS, EV 91.3 MPH)
|
| Top of the 8th over - 0 runs, 0 hits, 1 error, 1 left on base; St. Pete 0 - Sarasota 3 |
| BOTTOM OF THE 8TH |
|
Sarasota Eagles batting - Pitching for St. Pete Cardinals : RHP Glen Germer
|
|
Batting: SHB Todd Mabe
|
0-0: Ball 1-0: Foul Ball, location: 2F 1-1: Ball 2-1: Called Strike 2-2: Strikes out swinging
|
|
Batting: LHB Dave Martinez
|
0-0: Foul Ball, location: 2F 0-1: Foul Ball, location: 2F 0-2: Strikes out swinging
|
|
Batting: RHB Matt Stark
|
0-0: Fly out, F8 (Flyball, 89M, EV 81.3 MPH)
|
| Bottom of the 8th over - 0 runs, 0 hits, 0 errors, 0 left on base; St. Pete 0 - Sarasota 3 |
| TOP OF THE 9TH |
|
St. Pete Cardinals batting - Pitching for Sarasota Eagles : RHP Ricky Canas
|
|
Pitching: RHP Marco Rivera
|
|
|
Batting: RHB Joe Scime
|
0-0: Swinging Strike 0-1: Foul Ball, location: 2F 0-2: Ball 1-2: Ball 2-2: Strikes out swinging
|
|
Batting: RHB John Marquardt
|
0-0: Called Strike 0-1: Ball 1-1: Ground out 4-3 (Groundball, 34, EV 100.6 MPH)
|
|
Batting: LHB Richard Hazard
|
0-0: Ball 1-0: Called Strike 1-1: Foul Ball, location: 2F 1-2: SOLO HOME RUN (Flyball, 9D, EV 91.3 MPH), Distance : 355 ft
|
|
Batting: RHB Sal Agostinelli
|
0-0: Called Strike 0-1: Ground out 6-3 (Groundball, 6, EV 85.6 MPH)
|
| Top of the 9th over - 1 run, 1 hit, 0 errors, 0 left on base; St. Pete 1 - Sarasota 3 |
|